 Dungeon Crawl Stone Soup version 0.21.0-22-g11d5b5247c (webtiles) character file.

45 endorz the Chiller (level 3, 0/36 HPs)
             Began as a Merfolk Ice Elementalist on Jan 18, 2018.
             Slain by a worm (2 damage)
             ... on level 2 of the Dungeon.
             The game lasted 00:06:24 (1716 turns).

endorz the Chiller (Merfolk Ice Elementalist)       Turns: 1716, Time: 00:06:24

Health: 0/36       AC: 21    Str:  8    XL:     3   Next: 64%
Magic:  0/6        EV:  2    Int: 15    God:
Gold:   81         SH:  0    Dex: 14    Spells: 0/6 levels left

rFire    . . .     SeeInvis .   j - +0 club
rCold    . . .     Gourm    .   (no shield)
rNeg     + + +     Faith    .   (armour currently unavailable)
rPois    +         Spirit   .   (helmet currently unavailable)
rElec    .         Reflect  .   (cloak currently unavailable)
rCorr    .         Harm     .   (gloves currently unavailable)
MR       .....     NoTele   +   (boots currently unavailable)
Stlth    ++........             (no amulet)
HPRegen  0.12/turn              (no ring)
MPRegen  0.10/turn              (no ring)

@: tree-form, very slightly contaminated
A: (change form in water), (swift swim), (stealthy swim)
a: no special abilities


You were on level 2 of the Dungeon.
You were not hungry.
You were a tree.
You visited 1 branch of the dungeon, and saw 2 of its levels.

You collected 81 gold pieces.

Inventory:

Hand Weapons
 j - a +0 club (weapon)
Missiles
 d - 22 stones (quivered)
Armour
 a - a +0 robe (melded)
 l - a +0 pair of gloves
Scrolls
 f - a scroll of teleportation {unknown}
 k - a scroll of fear {unknown}
Potions
 e - 3 potions of flight {unknown}
 g - 2 potions of curing {unknown}
 i - 2 potions of lignification
Books
 b - a book of Frost

   Spells                             Type                      Level
   a - Freeze                         Ice                          1
   b - Throw Frost                    Conjuration/Ice              2
   c - Ozocubu's Armour               Charms/Ice                   3
   d - Throw Icicle                   Conjuration/Ice              4
   e - Summon Ice Beast               Ice/Summoning                4
Comestibles
 c - 2 rations
 h - 3 chunks of flesh


   Skills:
 - Level 2.6 Dodging
 - Level 2.1 Stealth
 - Level 2.0 Spellcasting
 - Level 0.7 Conjurations
 + Level 5.0 Ice Magic


You couldn't memorise any spells.
You knew the following spells:

 Your Spells              Type           Power        Failure   Level  Hunger
a - Freeze                Ice            ###.         2%          1    #......
b - Throw Frost           Conj/Ice       ##....       11%         2    ###....
c - Ozocubu's Armour      Chrm/Ice       #.......     24%         3    ###....


Dungeon Overview and Level Annotations

Branches:
Dungeon (2/15)

Altars:


Message History

The worm is moderately wounded.
The worm barely misses you.
Casting: Freeze
Confirm with . or Enter, or press ? or * to list all spells.
Aiming: Freeze
Press: ? - help, Shift-Dir - straight line, f/p - worm
Aim: a worm (moderately wounded)
You freeze the worm.
The worm is severely wounded.
It was a potion of lignification.
You turn into a tree.
Your +0 robe melds into your body.
Your roots penetrate the ground.
The worm bites you but does no damage.
You barely miss the worm.
The worm is severely wounded.
The worm bites you.
* * * LOW HITPOINT WARNING * * *
You hit the worm but do no damage.
The worm is heavily wounded.
The worm bites you.
You die...

.### ..# #.# #.##
###### ###...
#....# ##...((
#....# ####..#.##
#....####.....<.#
#♣w...(((.(.(####
#........#####
#....##### #(...#
#....# #....#
######


You could see a worm.

Vanquished Creatures
  A dart slug (D:1)
  2 leopard geckos (D:1)
  2 bats (D:1)
  A giant cockroach (D:1)
  6 goblins (D:1)
  4 hobgoblins (D:1)
  7 jackals (D:1)
  6 kobolds
  A ball python (D:1)
  A frilled lizard (D:1)
  5 rats (D:1)
36 creatures vanquished.

Notes
Turn   | Place    | Note
-------+----------+-------------------------------------------
     0 | D:1      | endorz the Merfolk Ice Elementalist began the quest for the Orb.
     0 | D:1      | Reached XP level 1. HP: 13/13 MP: 3/3
   112 | D:1      | Reached XP level 2. HP: 9/19 MP: 1/5
   274 | D:1      | Learned a level 2 spell: Throw Frost
   297 | D:1      | Reached skill level 4 in Ice Magic
   825 | D:1      | Reached XP level 3. HP: 24/24 MP: 1/6
   830 | D:1      | Learned a level 3 spell: Ozocubu's Armour
  1528 | D:1      | Reached skill level 5 in Ice Magic
  1716 | D:2      | Slain by a worm

Skill      XL: |  1  2  3 |
---------------+----------+-----
Ice Magic      | 4 5 |  5.0
Dodging        | |  2.6
Stealth        | |  2.1
Spellcasting   | |  2.0
Conjurations   | |  0.7

Action                   || total
-------------------------++-------
Melee: Unarmed           ||    88
       Club              ||    14
Throw: Stone             ||    99
 Cast: Freeze            ||    53
       Throw Frost       ||     1
       Ozocubu's Armour  ||     2
  Use: Potion            ||     1
  Eat: Chunk             ||     4
Armor: Robe              ||    25
       Skin              ||     1
Dodge: Dodged            ||   102
